AoeStats
← tavoo

Arabia

507928757Analyzed
1v1 RM · 14d ago on Sep 20, 2026· 17m 45s· 2 players
Game mode
Random Map
Map size
Tiny (2 player)
Population
200
Speed
Normal
Resources
Standard
Victory
Conquest
Starting age
Dark Age
Ending age
Imperial Age
RankedLock teamsTeams togetherTeam positionsShared explorationLock speedFull tech treeHidden civsTurbo modeCheats
Victory
Defeat
🇲🇽 Hindustanis · Mexico
1362
+17
🇳🇿 Celts · New Zealand
1385
-17
tavoo
6:39 Loom
9:12 Feudal Age
9:21 Man-at-Arms
11:01 Double-Bit Axe
15:31 Fletching
Fish745
7:19 Loom
10:56 Feudal Age
15:13 Castle Age
13:46 Double-Bit Axe
Connection lost

Rejoining the realm…

Still unreachable

The connection could not be restored.

Session expired

The server has moved on; the page needs a fresh start.